 Dungeon Crawl Stone Soup version 0.22-a0-614-g34fbaa0 (webtiles) character file.

149 Firecrotchwizard the Chopper (level 5, -2/42 HPs)
             Began as a Demonspawn Gladiator on July 20, 2018.
             Slain by a gnoll
             ... wielding a +0 spear
              (5 damage)
             ... on level 2 of the Dungeon.
             The game lasted 00:04:09 (2682 turns).

Firecrotchwizard the Chopper (Demonspawn Gladiator) Turns: 2682, Time: 00:04:10

Health: -2/42      AC:  8    Str: 15    XL:     5   Next: 9%
Magic:  5/5        EV: 12    Int: 10    God:
Gold:   36         SH:  0    Dex: 14    Spells: 4/4 levels left

rFire    . . .     SeeInvis .   a - +0 war axe
rCold    . . .     Gourm    .   (no shield)
rNeg     . . .     Faith    .   g - +0 ring mail
rPois    .         Spirit   .   c - +0 helmet
rElec    .         Reflect  .   j - +0 cloak
rCorr    .         Harm     .   (no gloves)
MR       .....                  (no boots)
Stlth    ++........             (no amulet)
HPRegen  0.14/turn              h - +1 ring of slaying
MPRegen  0.09/turn              (no ring)

@: no status effects
A: rugged brown scales 1, nightstalker 1
a: no special abilities


You were on level 2 of the Dungeon.
You were not hungry.

You visited 1 branch of the dungeon, and saw 2 of its levels.

You collected 36 gold pieces.

Inventory:

Hand Weapons
 a - a +0 war axe (weapon)
Missiles
 d - 3 throwing nets {=f, !d}
Armour
 b - a +0 leather armour
 c - a +0 helmet (worn)
 g - a +0 ring mail (worn)
   (You took it off an orc on level 2 of the Dungeon)
 j - a +0 cloak (worn)
   (You found it on level 2 of the Dungeon)
Jewellery
 h - a +1 ring of slaying (left hand)
   (You found it on level 1 of the Dungeon)
 l - an uncursed amulet of regeneration {unknown}
   (You found it on level 2 of the Dungeon)
Scrolls
 m - a scroll of fear {unknown}
 n - a scroll of teleportation {unknown}
Potions
 e - a potion of heal wounds {unknown}
 i - 2 potions of brilliance {unknown}
 k - 6 potions of curing {unknown}
Comestibles
 f - 3 rations {@e1}


   Skills:
 + Level 3.3 Fighting
 * Level 4.4 Axes
 - Level 2.0 Throwing
 - Level 2.8 Dodging


You had 4 spell levels left.
You didn't know any spells.
Your spell library was empty.

Dungeon Overview and Level Annotations

Branches:
Dungeon (2/15)

Altars:


Innate Abilities, Weirdness & Mutations

You are partially covered in rugged brown scales. (AC +1, +3% HP)
You are slightly more attuned to the shadows.


Message History

The adder misses you.
You slash the adder!
You kill the adder!
No target in view!
You butcher the rat corpse.
o - a chunk of flesh {@w0} You butcher the quokka corpse.
o - 2 chunks of flesh {@w0} (gained 1)
You see here a quokka skeleton. x2
You open the door.
A jackal comes into view.
Health restored: 35 A jackal is nearby!
There is an open door here.
The jackal barks!
You barely miss the jackal. The jackal completely misses you.
A jackal comes into view.
The jackal bites you but does no damage.
You closely miss the jackal. The jackal completely misses you.
You hit the jackal but do no damage. The jackal barely misses you.
The jackal closely misses you.
You hit the jackal. You slash the jackal!
You kill the jackal!
You have reached level 5!
Your demonic ancestry asserts itself...
Rugged brown scales grow over part of your body.
The jackal closely misses you.
The jackal bites you but does no damage.
MP restored: 5 You hit the jackal.
The jackal closely misses you.
The jackal bites you but does no damage.
You hit the jackal.
You kill the jackal!
You butcher the jackal corpse.
o - 5 chunks of flesh {@w0} (gained 3)
You butcher the jackal corpse.
o - 8 chunks of flesh {@w0} (gained 3)
You see here a jackal skeleton. x2
You see here a jackal skeleton.
There is an open door here.
You see here a quokka skeleton.
You see here a quokka skeleton.
There is an open door here.
You now have 36 gold pieces (gained 6).
You see here a club.
You see here 12 stones.
There is an open door here.
There is an open door here.
You see here 12 stones.
Eating one of 8 chunks of flesh {@w0}.
You eat one of the 8 chunks of flesh {@w0}.
Some of the chunks of flesh in your inventory have rotted away.
You see here a club.
All of the chunks of flesh in your inventory have rotted away.
You see here 12 stones.
There is an open door here.
Partly explored, can't reach some places.
Health restored: 42 Partly explored, can't reach some places.
You can't see that place. [the floor.] 2 gnolls come into view.
The helpless gnoll fails to defend itself.
You hit the gnoll.
The gnoll shouts!
The gnoll hits you.
You take 1 damage, and have 41/42 hp.
You slash the gnoll! The gnoll barely misses you.
You hit the gnoll.
You kill the gnoll!
The gnoll barely misses you.
You hit the gnoll but do no damage. You closely miss the gnoll.
The gnoll shouts!
The gnoll hits you but does no damage. x2
The gnoll hits you with a halberd of freezing!
The gnoll freezes you.
You see here a gnoll corpse.
You take 15 damage, and have 26/42 hp.
MASSIVE DAMAGE!!
You closely miss the gnoll. You hit the gnoll.
The gnoll hits you but does no damage. The gnoll closely misses you. x2
The gnoll misses you.
You barely miss the gnoll. You slash the gnoll! The gnoll closely misses you.
The gnoll barely misses you. x2; The gnoll hits you with a whip.
You take 2 damage, and have 24/42 hp.
The gnoll hits you with a halberd of freezing!
* * * LOW HITPOINT WARNING * * *
The gnoll freezes you.
* * * LOW HITPOINT WARNING * * *
You take 18 damage, and have 6/42 hp.
MASSIVE DAMAGE!!
You hit the gnoll. You hit the gnoll but do no damage.
The gnoll hits you with a whip.
* * * LOW HITPOINT WARNING * * *
The gnoll closely misses you.
You take 3 damage, and have 3/42 hp.
You closely miss the gnoll. You hit the gnoll.
The gnoll hits you from afar with a spear.
You die...

#....# #.# #....#
#.# #....# #.#
#....# #.# ###.###
#.# #.#.# #.#
#.#.### #.#
#.#g...g..........
#@#.#######.#####.
#ggg..... #.#
###.##### #.# ...
#.# #### #.#


You could see 3 gnolls.

Vanquished Creatures
  Jessica (D:2)
  2 gnolls (D:2)
  2 adders (D:2)
  2 oozes (D:1)
  2 worms (D:2)
  2 dart slugs (D:1)
  5 leopard geckos
  5 orcs (D:2)
  A ball python (D:2)
  2 giant cockroaches
  A goblin (D:1)
  8 hobgoblins
  4 jackals (D:2)
  3 kobolds (D:1)
  A quokka (D:2)
  8 bats
  6 frilled lizards
  3 rats (D:2)
58 creatures vanquished.

Notes
Turn   | Place    | Note
-------+----------+-------------------------------------------
     0 | D:1      | Firecrotchwizard the Demonspawn Gladiator began the quest for the Orb.
     0 | D:1      | Reached XP level 1. HP: 16/16 MP: 1/1
    81 | D:1      | Reached skill level 2 in Throwing
    82 | D:1      | Gained mutation: You are slightly more attuned to the shadows. [demonic ancestry]
    82 | D:1      | Reached XP level 2. HP: 16/22 MP: 2/2
   343 | D:1      | Reached skill level 3 in Axes
   588 | D:1      | Reached XP level 3. HP: 28/28 MP: 3/3
  1402 | D:2      | Noticed Jessica
  1410 | D:2      | HP: 7/28 [orc/hand axe (4)]
  1415 | D:2      | Killed Jessica
  1415 | D:2      | Reached skill level 3 in Fighting
  1415 | D:2      | Reached XP level 4. HP: 8/35 MP: 4/4
  1415 | D:2      | HP: 4/35 [orc/hand axe (4)]
  1716 | D:2      | Reached skill level 4 in Axes
  2409 | D:2      | Gained mutation: You are partially covered in rugged brown scales. (AC +1, +3% HP) [demonic ancestry]
  2409 | D:2      | Reached XP level 5. HP: 35/42 MP: 5/5
  2680 | D:2      | HP: 7/42 [gnoll/halberd of freezing (17)]
  2681 | D:2      | HP: 3/42 [gnoll/whip (3)]
  2682 | D:2      | Slain by a gnoll

Vault maps used:
D:1:      tarquinn_simple_flora_water_c, hex_tiny
D:2:      minmay_small_reverse_x, uniq_jessica

Skill      XL: |  1  2  3  4 |
---------------+-------------+-----
Throwing       | 2 |  2.0
Axes           | 3 4 |  4.4
Fighting       | 3 |  3.3
Dodging        | |  2.8

Action                   |  1- 3 |  4- 6 || total
-------------------------+-------+-------++-------
Melee: War axe           |    95 |    71 ||   166
 Stab: Sleeping          |     9 |     1 ||    10
  Eat: Chunk             |     2 |     4 ||     6
Armor: Leather armour    |    32 |       ||    32
       Ring mail         |       |    33 ||    33
Dodge: Dodged            |    78 |    60 ||   138

Table legend:
 A = Spawn XP
 B = Non-spawn XP
 C = Spawn XP percentage of total XP
 D = Spawn monster count
 E = Non-spawn monster count
 F = Spawn count percentage of total count
 G = Total turns spent on level
                    A         B        C        D         E        F      G
               +---------+---------+-------+---------+---------+-------+---------
         Total |       0 |     214 |   0.0 |       0 |      58 |   0.0 |  2682
               +---------+---------+-------+---------+---------+-------+---------
           D:1 |       0 |      54 |   0.0 |       0 |      23 |   0.0 |  1075
           D:2 |       0 |     160 |   0.0 |       0 |      35 |   0.0 |  1607
               +---------+---------+-------+---------+---------+-------+---------

Vault maps used:
D:1:      tarquinn_simple_flora_water_c, hex_tiny
D:2:      minmay_small_reverse_x, uniq_jessica

Table legend:
 A = Turns spent in this place as a percentage of turns spent in the entire game.
 B = Non-inter-level travel turns spent in this place as a percentage of non-inter-level travel turns spent in the entire game.
 C = Inter-level travel turns spent in this place as a percentage of turns spent in this place.
 D = Turns resting spent in this place as a percentage of non-inter-level travel turns spent in this place.
 E = Turns spent auto-exploring this place as a percentage of non-inter-level travel turns spent in this place.
 F = Non-inter-level travel turns spent in this place divided by the number of levels of this place that you've seen.
                   A       B       C       D       E      F
               +-------+-------+-------+-------+-------+----------------------
         Total | 100.0 | 100.0 |   0.2 |  39.9 |  43.5 | 1338.0
       Dungeon | 100.0 | 100.0 |   0.2 |  39.9 |  43.5 | 1338.0
               +-------+-------+-------+-------+-------+----------------------

Table legend:
 A = Kills in this place as a percentage of kills in entire the game.
 B = Kills by you in this place as a percentage of kills by you in the entire game.
 C = Kills by friends in this place as a percentage of kills by friends in the entire game.
 D = Other kills in this place as a percentage of other kills in the entire game.
 E = Experience gained in this place as a percentage of experience gained in the entire game.
 F = Experience gained in this place divided by the number of levels of this place that you have seen.
                   A       B       C       D       E      F
               +-------+-------+-------+-------+-------+----------------------
         Total | 100.0 | 100.0 |   N/A |   N/A | 100.0 | 107.0
       Dungeon | 100.0 | 100.0 |   N/A |   N/A | 100.0 | 107.0
               +-------+-------+-------+-------+-------+----------------------
